 BcadrenCrawl: Boulder Brew version 0.03.3.1-25-g7b9318e587 (webtiles) character file.

Game seed: 2096416350889295440, levelgen mode: deterministic

438 Chiseanne the Ducker (level 7, -6/50 HPs) Goblin Demonspawn. Began on Mar 18, 2021. Mangled by Edmund ... wielding a cursed +3 dire flail of protection {(Curse: rC-)} (9 damage) ... on level 2 of the Dungeon. The game lasted 00:04:55 (1712 turns).

Chiseanne the Ducker (Goblin Demonspawn)            Turns: 1712, Time: 00:04:56

Health: -6/50      AC:  3    Str:  8    XL:     7 ^: 382
Magic:  8/8        EV: 22    Int:  6    God:
Gold:   41         SH:  3    Dex: 13    Spells: 7/8 levels left

rFire    . . .     Vision   .   a - +0 rapier
rCold    + . .     Gourm    .   l - +2 buckler {rC+}
rNeg     . . .     Faith    .   b - +0 leather armour
rPois    .         Spirit   .   (helmet restricted)
rElec    .         Reflect  .   (no cloak)
rCorr    .         Harm     .   (no gloves)
MR       .....                  (no boots)
Stlth    +++.......             (no amulet)
HPRegen  0.26/turn              (no ring)
MPRegen  0.18/turn              (no ring)

@: agile
A: small, stagnant stats, goblin's greed, horns 2, thin skeletal structure 1,
low mp 1, mutation resistance 1, powered by death 1, rot immunity, god's pity 2
a: no special abilities


You were on level 2 of the Dungeon.
You were not hungry.

You visited 1 branch of the dungeon, and saw 2 of its levels.

You collected 35 gold pieces.

Inventory:

Weapons
 a - a +0 rapier (weapon)
 e - a cursed +0 dagger of freezing {(Curse: *Drain rF-)} Shields
 l - a +2 buckler of cold resistance (shield)
Armour
 b - a +0 leather armour (worn)
Jewellery
 g - an uncursed ring of fire
 i - a cursed ring of protection from magic {(Curse: MP-9)}
 j - an uncursed ring of resist corrosion
Scrolls
 f - 2 scrolls of amnesia
 h - a scroll of immolation
Potions
 m - a potion of cancellation
Comestibles
 c - 4 chunks of flesh
 d - 2 rations


   Skills:
 * Level 5.3 Fighting
 - Level 2.6 Short Blades
 * Level 6.5 Dodging
 - Level 2.6 Stealth
 * Level 3.6 Shields
 - Level 1.3 Spellcasting
 - Level 2.6 Fire Magic
   Level 4.0 Invocations


You had 7 spell levels left.
You knew the following spells:

 Your Spells              Type           Power        Failure   Level  Hunger
a - Flame Tongue          Fire           3 (30)       21%         1    ##.....

Your spell library contained the following spells:

 Spells                   Type           Power        Failure   Level  Hunger
 Conjure Flame            Fire           3 (100)      52%         3    ####...
 Blink                    Tloc           N/A          67%         2    ###....
 Call Imp                 Summ           0 (100)      67%         2    ###....
 Slow                     Hex            0 (100)      67%         2    ###....
 Mephitic Cloud           Pois/Air       0 (100)      88%         3    ####...


Dungeon Overview and Level Annotations

Branches:
Dungeon (2/8)

Altars:

Annotations:
D:2 Edmund


Innate Abilities, Weirdness & Mutations

Your stats never grow through leveling.
Your goblin ancestry allows you to find more gold. (+20%)
You are small and have problems with some larger weapons.
You have a pair of horns on your head.
You have a somewhat thin skeletal structure. (Dex +2, Stealth)
Your magical capacity is low. (-10% MP)
You are somewhat resistant to further mutation.
You regenerate a little health from kills.
You are immune to rotting.
The pity of the gods increases the power of your passive and invoked divine abilities.


Message History

You hit Edmund but do no damage.
A quokka skeleton comes into view.
Edmund hits you with a cursed +3 dire flail of protection {(Curse: rC-)} (16)!
* * * LOW HITPOINT WARNING * * *
You hit Edmund but do no damage.
Edmund zaps a wand.
The puff of flame misses you.
You hit Edmund but do no damage.
Edmund zaps a wand.
The puff of flame misses you.
Okay, then.
You hit Edmund but do no damage. You headbutt Edmund, but do no damage.
You block Edmund's attack.
You hit Edmund (1). You headbutt Edmund, but do no damage.
You block Edmund's attack.
You hit Edmund but do no damage. You headbutt Edmund, but do no damage.
Edmund hits you with a cursed +3 dire flail of protection {(Curse: rC-)} (11)!
* * * LOW HITPOINT WARNING * * *
The quokka skeleton misses you (0).
You hit the quokka skeleton (6).
Edmund hits you with a cursed +3 dire flail of protection {(Curse: rC-)} (9)!
You die...

≈≈≈≈≈≈≈≈≈≈≈≈.P.P....≈≈≈≈P##
≈≈≈≈≈b≈≈.....P≈≈..≈≈PP##
b≈≈≈≈≈≈≈≈≈≈≈.≈≈≈.≈≈≈≈P##
≈≈≈≈≈.≈≈≈≈≈≈.≈≈≈.≈≈≈PP##
P......b≈≈..≈≈...≈....##
..#≈###.≈.#≈.#≈≈#≈..##
...#.....#≈...≈#≈#.##
#..b.†.#.....#≈.≈#
#≈...Z@#≈..÷.#≈###
##...@###..≈##≈≈
##..†.≈##### # #........
#.........≈ ##≈....b...
###....... ....... .......


You could see Edmund and a quokka skeleton.

Vanquished Creatures
  A big kobold (D:2)
  A bullfrog (D:2)
  A jelly (D:2)
  Natasha (D:2)
  3 giant cockroaches
  3 adders (D:2)
  10 sewer rats
  A worm (D:1)
  5 cinder newts
  2 oozes (D:2)
  2 dart slugs (D:1)
  A leopard gecko (D:1)
  A ball python (D:2)
  6 goblins (D:1)
  2 hobgoblins (D:1)
  9 bats
  11 kobolds
  3 rats (D:1)
  A withered plant (D:2)
64 creatures vanquished.

Vanquished Creatures (others)
  A sewer rat (D:2)
  A cinder newt skeleton (D:2)
  A bat (D:2)
  2 slaves (D:2)
  80 withered plants (D:2)
85 creatures vanquished.

Grand Total: 149 creatures vanquished

Notes
Turn   | Place    | Note
-------+----------+-------------------------------------------
     0 | D:1      | Chiseanne the Goblin Demonspawn began the quest for the
                  | Orb.
     0 | D:1      | Reached XP level 1. HP: 13/13 MP: 2/2
    73 | D:1      | Gained mutation: You are immune to rotting. [demonic
                  | ancestry]
    73 | D:1      | Reached XP level 2. HP: 20/20 MP: 3/3
    85 | D:1      | Gained mutation: You have a pair of small horns on your
                  | head. [demonic ancestry]
    85 | D:1      | Reached XP level 3. HP: 24/25 MP: 4/4
   291 | D:1      | Reached skill level 5 in Dodging
   291 | D:1      | Gained mutation: You have a somewhat thin skeletal
                  | structure. (Dex +2, Stealth) [demonic ancestry]
   291 | D:1      | Reached XP level 4. HP: 31/31 MP: 5/5
   945 | D:1      | Reached XP level 5. HP: 27/37 MP: 6/6
   954 | D:1      | Reached skill level 1 in Shields
  1208 | D:2      | Gained mutation: You have a pair of horns on your head.
                  | [demonic ancestry]
  1208 | D:2      | Reached XP level 6. HP: 37/44 MP: 7/7
  1326 | D:2      | Reached skill level 6 in Dodging
  1523 | D:2      | Reached skill level 5 in Fighting
  1673 | D:2      | Noticed Natasha
  1678 | D:2      | Noticed Edmund
  1682 | D:2      | Gained mutation: You regenerate a little health from kills.
                  | [demonic ancestry]
  1682 | D:2      | Reached XP level 7. HP: 44/50 MP: 8/8
  1700 | D:2      | Killed Natasha
  1712 | D:2      | Mangled by Edmund

Levels and vault maps discovered:
D:1:      scummos_arrival_hexagon, layout_loops_ring,
          cheibrodos_sewer_entry_sluice
D:2:      layout_sewer, dancing_weapons_uskayaw, uniq_edmund, uniq_natasha,
          uniq_pikel, uniq_menkaure

Skill      XL: |  1  2  3  4  5  6 |
---------------+-------------------+-----
Fighting       | 2 3 4 5 |  5.3
Dodging        | 5 6 |  6.5
Shields        | 2 3 |  3.6
Short Blades   | |  2.6
Stealth        | |  2.6
Spellcasting   | |  1.3
Fire Magic     | |  2.6
Invocations    | |  4.0

Action                   |  1- 3 |  4- 6 |  7- 9 || total
-------------------------+-------+-------+-------++-------
Melee: Rapier            |    46 |   135 |    28 ||   209
       Unarmed           |    10 |       |       ||    10
       Short sword       |    25 |     6 |       ||    31
       Headbutt          |     2 |     4 |     3 ||     9
  Use: Potion            |       |       |     1 ||     1
 Stab: Sleeping          |     2 |     2 |       ||     4
  Eat: Ration            |       |     1 |       ||     1
Armor: Leather armour    |    11 |    17 |     5 ||    33
Dodge: Dodged            |    50 |   109 |    32 ||   191
Block: Buckler           |       |    12 |     8 ||    20
